AoeStats
← naelcmnai

Arabia

505306453Analyzed
1v1 RM · 24d ago on Sep 8, 2026· 41m 1s· 2 players
Game mode
Random Map
Map size
Tiny (2 player)
Population
200
Speed
Normal
Resources
Standard
Victory
Conquest
Starting age
Dark Age
Ending age
Imperial Age
RankedLock teamsTeams togetherTeam positionsShared explorationLock speedFull tech treeHidden civsTurbo modeCheats
Victory
Defeat
🇨🇭 Portuguese · Switzerland
857
+14
🇺🇸 Japanese · United States
807
-14
naelcmnai
12:03 Loom
13:49 Feudal Age
15:12 Horse Collar
15:22 Double-Bit Axe
18:22 Castle Age
16:59 Wheelbarrow
17:38 Forging
20:32 Scale Mail Armor
20:12 Pikeman
21:25 Squires
23:21 Heavy Plow
25:02 Gold Mining
28:34 Bow Saw
29:26 Stone Mining
36:49 Imperial Age
37:17 Elite Samurai
41:14 Conscription
spachtel
3:51 Loom
11:06 Feudal Age
11:51 Double-Bit Axe
17:47 Castle Age
15:42 Horse Collar
19:23 Bow Saw
19:55 Town Watch
20:48 Fletching
24:00 Stone Mining
25:41 Wheelbarrow
27:55 Imperial Age
25:22 Gold Mining
25:36 Heavy Plow
28:14 Hand Cart
30:24 Two-Man Saw
30:22 Bodkin Arrow
30:28 Padded Archer Armor
31:32 Conscription
32:17 Ballistics
32:31 Pikeman
34:28 Siege Engineers
34:47 Forging
34:38 Bracer
37:14 Elite Organ Gun
37:20 Elite Organ Gun
38:07 Arquebus
Connection lost

Rejoining the realm…

Still unreachable

The connection could not be restored.

Session expired

The server has moved on; the page needs a fresh start.